 Dungeon Crawl Stone Soup version 0.29-a0-11-ga75d3d97ab (webtiles) character file.

Game seed: 15211684931806439016

101 Zonian the Magician (level 5, -6/52 HPs)
             Began as a Djinni Ice Elementalist on Jan 29, 2022.
             Mangled by Menkaure (17 damage)
             ... on level 4 of the Dungeon.
             The game lasted 00:07:33 (6475 turns).

Zonian the Magician (Djinni Ice Elementalist)       Turns: 6475, Time: 00:07:34

Health: -6/52      AC: 22    Str:  7    XL:     5   Next: 4%
Gold:   154        EV:  2    Int: 18    God:
                   SH:  0    Dex: 14

rFire   . . .      SeeInvis .   j - +0 short sword (drain)
rCold   . . .      Faith    .   (no shield)
rNeg    . . .      Spirit   .   (armour currently unavailable)
rPois   ∞          Reflect  .   (helmet currently unavailable)
rElec   .          Harm     .   (cloak currently unavailable)
rCorr   +          Rampage  .   (gloves currently unavailable)
Will    .....      NoTele   +   (boots unavailable)
Stlth   ++........              (no amulet)
HPRegen 0.17/turn               d - ring of resist corrosion
MPRegen 0.00/turn               (no ring)

@: tree-form, on berserk cooldown, slowed, very slow
A: stationary, stasis, torment immunity, boosted hp, sickness immunity, (fire
resistance 2), (cold vulnerability 1), float, innate caster, hp casting, extra
vitality 1
a: no special abilities


You were on level 4 of the Dungeon.
You were a tree.
You visited 1 branch of the dungeon, and saw 4 of its levels.

You collected 154 gold pieces.

Inventory:

Hand Weapons
 j - a +0 short sword of draining (weapon)
Missiles
 f - a throwing net
 m - 23 sling bullets
Armour
 a - a +0 robe (melded)
Jewellery
 d - a ring of resist corrosion (left branch)
Scrolls
 c - 5 scrolls of teleportation
Potions
 b - 4 potions of attraction


   Skills:
 + Level 3.5 Dodging
 + Level 2.7 Stealth
 + Level 3.8 Spellcasting


You couldn't memorise any spells.
You knew the following spells:

 Your Spells              Type           Power      Damage    Failure   Level
a - Freeze                Ice            68%        1d8       3%          1
b - Frozen Ramparts       Ice            34%        1d5       10%         3
c - Ozocubu's Armour      Ice            17%        N/A       10%         3
d - Hailstorm             Conj/Ice       17%        3d6       30%         4
e - Magic Dart            Conj           68%        1d6       3%          1
f - Corpse Rot            Necr/Air       34%        N/A       4%          2
Your spell library was empty.

Dungeon Overview and Level Annotations

Branches:
Dungeon (4/15)
 Temple: D:4-7

Altars:
Dithmenos
Makhleb
Xom
The Shining One

Annotations:
D:4 Menkaure


Innate Abilities, Weirdness & Mutations

You are a tree.
Your roots penetrate the ground, keeping you stationary.
You cannot be teleported.
You are immune to unholy pain and torment.
Your maximum health is greatly increased.
Your equipment is partially melded.
You are immune to sickness and miasma.
You are immune to poison.
((Your flesh is very heat resistant. (rF++)))
((You are vulnerable to cold. (rC-)))
You float through the air rather than walking.
You learn spells naturally, not from books.
Your magical power is your life essence.
You have superior vitality. (+4 MHP)


Message History

You hit Menkaure.
Menkaure is lightly damaged.
Menkaure completely misses you.
An adder comes into view.
You hit Menkaure.
Menkaure is moderately damaged.
Menkaure hits you but does no damage.
The hobgoblin hits you but does no damage.
Menkaure hits you!
You hit Menkaure.
Menkaure is moderately damaged.
The hobgoblin hits you but does no damage.
Menkaure hits you but does no damage.
The hobgoblin hits you but does no damage.
You hit Menkaure.
Menkaure is heavily damaged.
The hobgoblin hits you but does no damage.
Menkaure shouts, "You disturbed my rest!
Die!"
Menkaure hits you but does no damage.
Unknown command.
Okay, then.
You hit Menkaure.
Menkaure is heavily damaged.
The hobgoblin hits you. The adder bites you but does no damage.
Menkaure hits you.
The hobgoblin hits you but does no damage.
The adder bites you but does no damage. Menkaure hits you but does no damage.
You hit Menkaure.
Menkaure is severely damaged.
The adder bites you but does no damage. The hobgoblin hits you.
Menkaure hits you.
* * * LOW HITPOINT WARNING * * *
The adder barely misses you.
The hobgoblin hits you but does no damage.
You hit Menkaure but do no damage.
Menkaure is severely damaged.
The adder bites you but does no damage.
The hobgoblin hits you but does no damage.
Menkaure hits you!
You die...

........ .
##..#.............
#......#..
#.......### ...
..#...## #.
#..###...## .... ##..
#.# #.....##....
(...##.###....##.....
...................
.......#.)...#..<..
.##MgS.....##.... ..
##♣......#..#.
###.####..##.....##
..M......##.......#
......#.###..##..##
..... #.##..## #..#
#... #.##.. .## ###
##.... # ..... #.....


You could see Menkaure, an adder and a hobgoblin.

Vanquished Creatures
  2 adders (D:2)
  A gnoll (D:1)
  A white imp (D:3)
  A worm (D:2)
  2 dart slugs
  3 orcs
  2 bats (D:2)
  7 endoplasms
  4 giant cockroaches
  5 goblins
  4 hobgoblins
  4 kobolds
  A quokka (D:1)
  6 ball pythons
  4 frilled lizards (D:1)
  A goblin skeleton (D:3)
  2 hobgoblin zombies (D:3)
  An orc skeleton (D:3)
  2 orc zombies (D:3)
  2 rats (D:1)
55 creatures vanquished.

Notes
Turn   | Place    | Note
-------+----------+-------------------------------------------
     0 | D:1      | Zonian the Djinni Ice Elementalist began the quest for the
                  | Orb.
     0 | D:1      | Reached XP level 1. HP: 15/15 MP: 0/0
   810 | D:1      | Reached XP level 2. HP: 14/21 MP: 0/0
  2194 | D:1      | Reached XP level 3. HP: 24/25 MP: 0/0
  2194 | D:1      | Learned a level 1 spell: Magic Dart
  2302 | D:1      | Found a faded altar of an unknown god.
  3187 | D:2      | Reached XP level 4. HP: 29/31 MP: 0/0
  3840 | D:2      | Found a shadowy altar of Dithmenos.
  4867 | D:3      | Found a glowing golden altar of the Shining One.
  5285 | D:3      | HP: 1/31 [white imp/puff of frost (18)]
  5768 | D:3      | Found a shimmering altar of Xom.
  5769 | D:3      | Found a burning altar of Makhleb.
  5779 | D:3      | Paralysed by a crimson imp for 6 turns
  6272 | D:4      | Noticed Menkaure
  6389 | D:4      | Reached XP level 5. HP: 33/35 MP: 0/0
  6389 | D:4      | Learned a level 2 spell: Corpse Rot
  6475 | D:4      | Mangled by Menkaure

Illustrated notes

Levels and vault maps discovered:
D:1:      nicolae_arrival_somewhat_less_tricky_arrival, layout_basic,
          hellmonk_ecumenical_altar_blasted, moated_statue, st_stairs_2,
          grunt_decor_arrowhead
D:2:      layout_basic, basic_altar
D:3:      layout_basic, grunt_temple_overflow_champion_of_chaos,
          nicolae_tso_besieged_by_evil
D:4:      layout_cave_pools, lemuel_blue_sif_altar, hangedman_decor_riveting,
          uniq_menkaure

Skill      XL: |  1  2  3 |
---------------+----------+-----
Stealth        | 2 |  2.7
Dodging        | 3 |  3.5
Spellcasting   | |  3.8

Action                   |  1- 3 |  4- 6 || total
-------------------------+-------+-------++-------
Melee: Unarmed           |    33 |     5 ||    38
       Punch             |     2 |     1 ||     3
       Short sword       |       |    96 ||    96
 Cast: Freeze            |    40 |    25 ||    65
  Use: Scroll            |       |     6 ||     6
       Potion            |       |     4 ||     4
 Stab: Sleeping          |       |     5 ||     5
Armor: Robe              |     7 |    17 ||    24
       Skin              |       |    19 ||    19
Dodge: Dodged            |    35 |    66 ||   101

Table legend: (Time is in decaauts)
 A = Elapsed time spent in this place.
 B = Non-inter-level travel time spent in this place.
 C = Inter-level travel time spent in this place.
 D = Time resting spent in this place.
 E = Time spent auto-exploring this place.
 F = Levels seen in this place.
 G = Mean time per level.
                   A        B        C        D        E       F      G
               +--------+--------+--------+--------+--------+-----+--------+
         Total |   6492 |   6398 |     94 |   2873 |   2702 |   4 | 1623.0 |
       Dungeon |   6492 |   6398 |     94 |   2873 |   2702 |   4 | 1623.0 |
               +--------+--------+--------+--------+--------+-----+--------+

Top non-repeatable levels by time:
     D:1: 3175 daAuts
     D:2: 2317 daAuts
     D:3: 843 daAuts
     D:4: 156 daAuts
